 Dungeon Crawl Stone Soup version 0.31-a0-1616-gbeaec30b81 (webtiles) character file.

Game seed: 15749937745135984636

205 garrulousMonolith the Trooper (level 5, 0/57 HPs)
             Began as an Oni Berserker on Jan 11, 2024.
             Was a Priest of Trog.
             Slain by a goblin
             ... wielding a +0 club
              (3 damage)
             ... on level 3 of the Dungeon.
             The game lasted 00:02:25 (1894 turns).

garrulousMonolith the Trooper (Oni Berserker)       Turns: 1894, Time: 00:02:26

Health: 0/57       AC:  3    Str: 21    XL:     5   Next: 83%
Magic:  5/5        EV: 10    Int:  8    God:    Trog [***...]
Gold:   133        SH:  0    Dex: 10    Spells: 4/4 levels left

rFire   . . .        a - +0 mace
rCold   . . .        (no shield)
rNeg    . . .        b - +0 animal skin
rPois   +            (helmet restricted)
rElec   .            (no cloak)
rCorr   .            (gloves unavailable)
SInv    .            (boots unavailable)
Will    .....        (no amulet)
Stlth   +            d - ring of poison resistance
HPRegen 0.29/turn    (no ring)
MPRegen 0.09/turn

%: no passive effects
@: no status effects
A: large, unfitting armour, horns 1, tough skin 1, double potion healing,
drunken brawling
a: Renounce Religion, Berserk, Trog's Hand


You were on level 3 of the Dungeon.
You worshipped Trog.
Trog was most pleased with you.
You visited 1 branch of the dungeon, and saw 3 of its levels.

You collected 133 gold pieces.

Inventory:

Hand Weapons
 a - a +0 mace (weapon)
 j - a +4 dagger of venom
Armour
 b - a +0 animal skin (worn)
Jewellery
 d - a ring of poison resistance (left hand)
 k - a ring of ice
 n - a ring of protection from cold
 o - a ring of willpower
Wands
 p - a wand of flame (12)
Scrolls
 e - 3 scrolls of fog
 g - a scroll of amnesia {unknown}
 h - a scroll of vulnerability {unknown}
 i - a scroll of revelation
 m - a scroll of identify {unknown}
Potions
 c - 2 potions of might {unknown}
 f - a potion of degeneration {unknown}
 l - 2 potions of mutation {unknown}


   Skills:
 + Level 5.2 Fighting
 * Level 4.5 Maces & Flails
 + Level 1.9 Armour
 + Level 3.5 Dodging


You had 4 spell levels left.
You didn't know any spells.
Your spell library was empty.

Dungeon Overview and Level Annotations

Branches:
Dungeon (3/15)

Altars:


Innate Abilities, Weirdness & Mutations

You are too large for most types of armour.
You have a pair of small horns on your head.
You have tough skin. (AC +1)
You gain doubled healing and magic from potions.
Whenever you drink a healing potion, you attack all around you.


Message History

You are too injured to fight recklessly!
You are too injured to fight recklessly!
You are too injured to fight recklessly!
You are too injured to fight recklessly!
You are too injured to fight recklessly!
You are too injured to fight recklessly!
You are too injured to fight recklessly!
You are too injured to fight recklessly!
You are too injured to fight recklessly!
You are too injured to fight recklessly!
You are too injured to fight recklessly!
You sock the hobgoblin!
You kill the hobgoblin!
Trog accepts your kill. The orc hits you with a +0 hand axe.
The goblin hits you with a +0 club.
You completely miss the orc priest. You headbutt the orc priest.
The orc priest is moderately wounded.
The orc hits you with a +0 hand axe.
The orc priest hits you but does no damage.
The goblin barely misses you.
You hit the orc priest.
The orc priest is heavily wounded.
The orc priest barely misses you. The orc hits you with a +0 hand axe!
The goblin hits you with a +0 club. The orc priest closely misses you.
The goblin closely misses you. The orc hits you with a +0 hand axe!
* * * LOW HITPOINT WARNING * * *
You hit the orc priest.
The orc priest is almost dead.
The orc priest hits you with a +0 flail!
* * * LOW HITPOINT WARNING * * *
The orc hits you but does no damage. The goblin hits you but does no damage.
You hit the orc priest but do no damage.
The orc priest is almost dead.
The orc priest hits you but does no damage.
The orc barely misses you. The goblin hits you but does no damage.
You sock the orc priest!
You kill the orc priest!
Trog accepts your kill. The orc hits you but does no damage.
The goblin hits you with a +0 club.
You die...

............................
...........#.........###.#.#
#.##.......#)#####...###.#.#
...........#.##..........# #
...##.(....####.#........#
#.. #......####.#........#
#. #......#........#....#
#......#.#.o#..##....#
#...g@..##....# .
#...)##.##....# # #....
..##....# # #.... .o#######
#.......# ......<.o. .......
## .......


You could see an orc and a goblin.

Vanquished Creatures
  2 orc priests (D:3)
  Natasha (thrice) (D:2)
  Robin (D:2)
  An adder (D:3)
  2 dart slugs
  2 ribbon worms (D:2)
  9 endoplasms
  A giant cockroach (D:1)
  12 goblins
  9 hobgoblins
  7 kobolds
  3 quokkas
  4 ball pythons
  10 bats
  3 frilled lizards
  3 rats (D:1)
72 creatures vanquished.

Notes
Turn   | Place    | Note
-------+----------+-------------------------------------------
     0 | D:1      | garrulousMonolith the Oni Berserker began the quest for the
                  | Orb.
     0 | D:1      | Reached XP level 1. HP: 24/24 MP: 1/1
   172 | D:1      | Reached XP level 2. HP: 32/32 MP: 2/2
   414 | D:1      | Reached XP level 3. HP: 29/40 MP: 3/3
   517 | D:1      | Reached ** piety under Trog
   706 | D:1      | Reached skill level 1 in Armour
   902 | D:2      | Found a faded altar of an unknown god.
  1103 | D:2      | Noticed Natasha
  1107 | D:2      | Killed Natasha
  1108 | D:2      | Reached XP level 4. HP: 42/49 MP: 4/4
  1260 | D:2      | Noticed Robin
  1267 | D:2      | Killed Robin
  1351 | D:2      | Noticed Natasha
  1358 | D:2      | Killed Natasha
  1359 | D:2      | Reached XP level 5. HP: 52/55 MP: 5/5
  1502 | D:2      | Noticed Natasha
  1509 | D:2      | Killed Natasha
  1510 | D:2      | Reached skill level 5 in Fighting
  1894 | D:3      | Reached *** piety under Trog
  1894 | D:3      | Slain by a goblin

Illustrated notes

Levels and vault maps discovered:
D:1:      wander_arrival_estate, layout_loops_ring, minmay_misc_feat_ornament
D:2:      layout_loops_ring, dreamdust_ecumenical_altar_statues,
          grunt_decor_resistance, minmay_pentomino_z2, uniq_natasha, uniq_robin
D:3:      layout_basic, yredelemnul_forgotten_temple_becter

Skill      XL: |  1  2  3  4  5 |
---------------+----------------+-----
Dodging        | 3 |  3.5
Armour         | 1 |  1.9
Maces & Flails | 4 |  4.5
Fighting       | 5 |  5.2

Action                     |  1- 3 |  4- 6 || total
---------------------------+-------+-------++-------
  Melee: Mace              |    99 |    97 ||   196
         Headbutt          |    14 |    18 ||    32
         Punch             |       |     1 ||     1
    Use: Scroll            |     1 |     1 ||     2
 Armour: Animal skin       |    92 |    75 ||   167
  Dodge: Dodged            |    60 |    58 ||   118

Table legend: (Time is in decaauts)
 A = Elapsed time spent in this place.
 B = Non-inter-level travel time spent in this place.
 C = Inter-level travel time spent in this place.
 D = Time resting spent in this place.
 E = Time spent auto-exploring this place.
 F = Levels seen in this place.
 G = Mean time per level.
                   A        B        C        D        E       F      G
               +--------+--------+--------+--------+--------+-----+--------+
         Total |   1934 |   1893 |     41 |     60 |   1372 |   3 |  644.7 |
       Dungeon |   1934 |   1893 |     41 |     60 |   1372 |   3 |  644.7 |
               +--------+--------+--------+--------+--------+-----+--------+

Top non-repeatable levels by time:
     D:2: 934 daAuts
     D:1: 778 daAuts
     D:3: 222 daAuts
